 Dungeon Crawl Stone Soup version 0.23.2-40-g277498a001 (webtiles) character file.

Game seed: 17504336872763027319

529 Curus the Carver (level 7, 0/57 HPs)
             Began as a Minotaur Monk on Oct 13, 2019.
             Was a Priest of Lugonu.
             Slain by a bullfrog (6 damage)
             ... on level 4 of the Dungeon.
             The game lasted 00:17:15 (4363 turns).

Curus the Carver (Minotaur Monk)                    Turns: 4363, Time: 00:17:15

Health: 0/57       AC:  9    Str: 12 (15) XL:     7   Next: 3%
Magic:  6/6        EV:  6    Int:  6 (7)  God:    Lugonu [***...]
Gold:   122        SH:  0    Dex: 13 (15) Spells: 6/6 levels left

rFire    . . .     SeeInvis .   a - +0 falchion
rCold    . . .     Gourm    .   (no shield)
rNeg     . . .     Faith    .   d - +0 chain mail
rPois    +         Spirit   .   (helmet restricted)
rElec    .         Reflect  .   l - +0 cloak
rCorr    .         Harm     .   (no gloves)
MR       .....                  (no boots)
Stlth    ..........             (no amulet)
HPRegen  0.19/turn              e - ring of poison resistance
MPRegen  0.10/turn              (no ring)

@: no status effects
A: retaliatory headbutt, horns 2
a: Depart the Abyss, Bend Space, Banish, Renounce Religion


You were on level 4 of the Dungeon.
You worshipped Lugonu.
Lugonu was most pleased with you.
You were not hungry.

You visited 2 branches of the dungeon, and saw 6 of its levels.

You collected 122 gold pieces.

Inventory:

Hand Weapons
 a - a +0 falchion (weapon)
Armour
 b - a +0 robe
 d - a +0 chain mail (worn)
 l - a +0 cloak (worn)
Jewellery
 e - a ring of poison resistance (left hand)
Wands
 j - a wand of acid (7)
 k - a wand of flame (17)
Scrolls
 f - 2 scrolls of teleportation
 g - 6 scrolls of remove curse
 h - a scroll of amnesia
 i - 4 scrolls of identify
Comestibles
 c - 2 rations


   Skills:
 - Level 3.6 Fighting
 + Level 9.6 Long Blades
 - Level 3.2 Dodging
 - Level 1.5 Stealth


You had 6 spell levels left.
You didn't know any spells.
Your spell library was empty.

Dungeon Overview and Level Annotations

Branches:
Dungeon (5/15)             Temple (1/1) D:4

Altars:
Ashenzari
Cheibriados
Fedhas
Hepliaklqana
Qazlal
Ru
Sif Muna
Xom
Yredelemnul
Zin
Lugonu

Annotations:
D:4 Grinder


Innate Abilities, Weirdness & Mutations

You reflexively headbutt those who attack you in melee.
You have a pair of horns on your head.


Message History

The bullfrog hits you.
* * * LOW HITPOINT WARNING * * *
Grinder hits you.
* * * LOW HITPOINT WARNING * * *
You can move again.
The bullfrog barely misses you.
You riposte.
You hit the bullfrog.
The bullfrog is lightly wounded.
The bullfrog hits you.
* * * LOW HITPOINT WARNING * * *
Grinder hits you but does no damage.
You climb upwards.
There is a stone staircase leading down here.
Grinder blinks!
Okay, then.
Unknown command.
Unknown command.
You hit the bullfrog.
The bullfrog is moderately wounded.
The bullfrog hits you.
You die...

...# #.# ##<#########
##.##
#..........####...#####
#..#######.#..........#
#..#######†.#.#...###.#
.......##.#.##........#
#..###.###..#.##5###..#
#...##.#####.###.# #..#
..#.....####.# #@###..#
.##.###...##.###F##...#
..#.# #.#......§.##.#.#
#.>.###.#..#.######.#.#
###.....#..### #####
#####..##..#
.......##..# #####
#####.###..# #)..# #
#.##...## #...#


You could see Grinder and a bullfrog.

Vanquished Creatures
  Sigmund (D:2)
  An ogre (D:4)
  A howler monkey (D:4)
  Crazy Yiuf (D:4)
  A centaur skeleton (D:4)
  4 gnolls
  3 adders
  3 river rats (D:4)
  4 worms
  4 dart slugs
  3 leopard geckos
  4 orcs
  A bat (D:2)
  3 giant cockroaches (D:2)
  7 goblins
  10 hobgoblins
  6 jackals
  6 kobolds
  2 quokkas
  A ball python (D:2)
  2 frilled lizards
  20 rats
  A fungus (D:4)
89 creatures vanquished.

Notes
Turn   | Place    | Note
-------+----------+-------------------------------------------
     0 | D:1      | Curus the Minotaur Monk began the quest for the Orb.
     0 | D:1      | Reached XP level 1. HP: 19/19 MP: 0/0
    91 | D:1      | Reached skill level 4 in Long Blades
   125 | D:1      | Reached XP level 2. HP: 26/26 MP: 1/1
   753 | D:2      | Reached skill level 5 in Long Blades
   753 | D:2      | Reached XP level 3. HP: 23/31 MP: 2/2
  1101 | D:2      | Reached skill level 6 in Long Blades
  1101 | D:2      | Reached XP level 4. HP: 33/39 MP: 3/3
  1685 | D:2      | Noticed Sigmund
  1696 | D:2      | Killed Sigmund
  1696 | D:2      | Reached skill level 8 in Long Blades
  1696 | D:2      | Reached XP level 5. HP: 35/45 MP: 4/4
  1969 | D:2      | Found a shattered altar of Ashenzari.
  2050 | D:3      | Reached XP level 6. HP: 46/51 MP: 5/5
  3106 | D:4      | Found a staircase to the Ecumenical Temple.
  3142 | Temple   | Entered the Ecumenical Temple
  3155 | Temple   | Became a worshipper of Lugonu the Unformed
  3155 | Temple   | Reached * piety under Lugonu
  3155 | Temple   | Reached ** piety under Lugonu
  3190 | D:4      | Reached skill level 9 in Long Blades
  3267 | D:4      | Found a snail-covered altar of Cheibriados.
  3318 | D:4      | Found a shimmering altar of Xom.
  3319 | D:4      | Found a hazy altar of Hepliaklqana.
  3319 | D:4      | Noticed a yak
  3320 | D:4      | Noticed a yak
  3320 | D:4      | Noticed a spectral ugly thing
  3622 | D:4      | Reached *** piety under Lugonu
  3737 | D:4      | Found a runed translucent door.
  3738 | D:4      | Noticed Crazy Yiuf
  3750 | D:4      | Killed Crazy Yiuf
  4007 | D:4      | Reached XP level 7. HP: 32/57 MP: 6/6
  4349 | D:5      | Entered Level 5 of the Dungeon
  4349 | D:5      | Noticed Grinder
  4354 | D:5      | Paralysed by Grinder for 5 turns
  4363 | D:4      | Slain by a bullfrog

Skill      XL: |  1  2  3  4  5  6 |
---------------+-------------------+-----
Long Blades    | 4 5 6 8 9 |  9.6
Fighting       | |  3.6
Dodging        | |  3.2
Stealth        | |  1.5

Action                   |  1- 3 |  4- 6 |  7- 9 || total
-------------------------+-------+-------+-------++-------
Melee: Falchion          |    74 |   168 |    20 ||   262
       Headbutt          |    13 |    35 |     5 ||    53
Evoke: Wand              |       |       |     1 ||     1
  Use: Scroll            |     4 |     4 |       ||     8
       Potion            |       |     5 |       ||     5
  Eat: Chunk             |     1 |     4 |       ||     5
       Ration            |       |     1 |     1 ||     2
Armor: Chain mail        |    34 |    73 |    32 ||   139
Dodge: Dodged            |    23 |    43 |    12 ||    78
       Rpst.: Falchion   |     8 |    10 |     4 ||    22
